 Dungeon Crawl Stone Soup version 0.30-a0-219-gf2db51d15e (webtiles) character file.

Game seed: 1851443647961686585

29424 Essalna the Earth Mage (level 13, -3/83 HPs)
             Began as a Gargoyle Earth Elementalist on Oct 7, 2022.
             Was an Elder of Vehumet.
             Killed from afar by a gargoyle (18 damage)
             ... with a stone arrow
             ... on level 12 of the Dungeon.
             The game lasted 00:36:02 (16369 turns).

Essalna the Earth Mage (GrEE)                      Turns: 16369, Time: 00:36:03

Health: -3/83      AC: 23    Str:  8 (10) XL:     13   Next: 45%
Magic:  7/12       EV: 14    Int: 21      God:    Vehumet [****..]
Gold:   1248       SH:  2    Dex:  6 (8)  Spells: 10/16 levels left

rFire   + . .      SeeInvis .    T - +0 quarterstaff (spect)
rCold   . . .      Faith    .    (shield currently unavailable)
rNeg    + + .      Spirit   .    Z - +0 troll leather armour
rPois   ∞          Reflect  .    W - +1 helmet
rElec   +          Harm     .    (no cloak)
rCorr   .          Rampage  .    s - +1 pair of gloves
Will    .....      Rage     9%   o - +0 pair of boots
Stlth   +.........               P - amulet of magic regeneration
HPRegen 0.00/turn                i - ring of positive energy
MPRegen 0.53/turn                C - ring of the Octopus King {rF+ HP+2 AC+2 EV+2 SH+2}

@: about to teleport, on berserk cooldown, inhibited regen, slowed, very slow
A: sickness immunity, AC +9, negative energy resistance 1, electricity
resistance, torment resistance 1, petrification resistance, [berserk 2], [clumsy
1], [frail 1], [low MP 2], [screaming 2], [inhibited regeneration], [weak 1],
[no potion heal 2], [subdued magic 2]
a: Renounce Religion


You were on level 12 of the Dungeon.
You worshipped Vehumet.
Vehumet was greatly pleased with you.
You visited 2 branches of the dungeon, and saw 14 of its levels.
You visited the Abyss 1 time.

You collected 1408 gold pieces.
You spent 160 gold pieces at shops.

Inventory:

Hand Weapons
 N - a +0 long sword of electrocution
 T - a +0 spectral quarterstaff (weapon)
Armour
 n - the +0 pair of gloves of Autumn {rN+}
   (You found it on level 2 of the Dungeon)

   rN:        It protects you from negative energy.
 o - a +0 pair of boots (worn)
 s - a +1 pair of gloves (worn)
 L - a +1 robe of willpower
 O - the +10 plate armour "Ynijuserr" {Rampage rPois Stlth+}
   (You found it on level 8 of the Dungeon)

   rPois:     It protects you from poison.
   Rampage:   It bestows one free step when moving towards enemies.
   Stlth:     It makes you more stealthy.
 W - a +1 helmet (worn)
 Z - a +0 troll leather armour (worn)
Jewellery
 a - a ring of ice
 i - a ring of positive energy (left hand)
 C - a ring of the Octopus King (right hand) {rF+ HP+2 AC+2 EV+2 SH+2}
   (You bought it in a shop on level 6 of the Dungeon)

   [ring of protection from fire]

   AC:        It affects your AC (+2).
   EV:        It affects your evasion (+2).
   rF:        It protects you from fire.
   HP:        It affects your health (+2).
   SH:        It affects your SH (+2).
 P - an amulet of magic regeneration (around neck)
Wands
 f - a wand of mindburst (6)
 y - a wand of roots (18)
 V - a wand of quicksilver (2)
Scrolls
 c - 3 scrolls of blinking
 d - 2 scrolls of silence {unknown}
 e - a scroll of identify
 l - 3 scrolls of amnesia {unknown}
 m - 3 scrolls of torment {unknown}
 v - 4 scrolls of immolation {unknown}
 E - a scroll of poison {unknown}
 G - a scroll of butterflies {unknown}
 H - a scroll of enchant weapon {unknown}
 I - 2 scrolls of noise {unknown}
 M - 2 scrolls of enchant armour {unknown}
 R - a scroll of magic mapping {unknown}
Potions
 b - 5 potions of heal wounds
 g - a potion of brilliance
 h - 5 potions of ambrosia
 j - 10 potions of curing
 k - 3 potions of berserk rage
 p - 3 potions of degeneration
 z - 2 potions of flight
 B - 3 potions of attraction
 D - 2 potions of resistance
 F - a potion of lignification
 K - a potion of cancellation
 U - 2 potions of might
 X - a potion of invisibility


   Skills:
 + Level 14.8 Fighting
 + Level 8.7 Armour
 + Level 6.9 Dodging
 - Level 2.1 Stealth
 - Level 2.0 Spellcasting
 - Level 3.0 Conjurations
 - Level 0.7 Transmutations
 + Level 16.5 Earth Magic


You had 10 spell levels left.
You knew the following spells:

 Your Spells              Type           Power      Damage    Failure   Level
a - Sandblast             Erth           88%        2d18      0%          1
b - Passwall              Tmut/Erth      19%        N/A       1%          2
c - Stone Arrow           Conj/Erth      52%        3d10      1%          3

Your spell library contained the following spells:

 Spells                   Type           Power      Damage    Failure   Level
 Inner Flame              Hex/Fire       1%         N/A       12%         3
 Petrify                  Tmut/Erth      23%        N/A       3%          4
 Scorch                   Fire           2%         2d5       5%          2
 Iron Shot                Conj/Erth      13%        9d3       11%         6
 Flame Wave               Conj/Fire      5%         2d5       21%         4
 Iskenderun's Battlesphe  Conj           9%         2d6       30%         5
 Gell's Gravitas          Tloc           1%         N/A       41%         3
 Teleport Other           Tloc           1%         N/A       41%         3
 Dispersal                Tloc           0%         N/A       100%        6
 Summon Cactus Giant      Summ           0%         N/A       100%        6
 Spellforged Servitor     Conj/Summ      2%         N/A       100%        7


Dungeon Overview and Level Annotations

Branches:
Dungeon (13/15)            Temple (1/1) D:7            Lair (0/5) D:11
    Orc (0/2) D:12
 Vaults: D:13-14

Altars:
Ashenzari
Cheibriados
Dithmenos
Elyvilon
Fedhas
Gozag
Hepliaklqana
Kikubaaqudgha
Makhleb
Nemelex Xobeh
Okawaru
Qazlal
Ru
Sif Muna
Trog
Uskayaw
Vehumet
Wu Jian
Xom
Yredelemnul
Zin
The Shining One
Lugonu

Shops:
D:2 (   D:4 !   D:6 *

Portals:
Abyss: D:6


Innate Abilities, Weirdness & Mutations

You are immune to sickness and miasma.
Your stone body is resilient. (AC +9)
You are immune to poison.
You resist negative energy. (rN+)
You are resistant to electric shocks. (rElec)
You are resistant to unholy torment.
You are immune to petrification.
[You have an uncontrollable temper.]
[You are clumsy. (Dex -2)]
[You are frail. (-10% HP)]
[Your magical capacity is very low. (-20% MP)]
[You frequently scream uncontrollably at your foes.]
[You do not regenerate when monsters are visible.]
[You are weak. (Str -2)]
[Potions cannot restore your health.]
[Your spells are easier to cast, but less powerful.]


Message History

You are no longer berserk.
You are exhausted.
You feel yourself slow down.
Casting: Sandblast (safe; 0% risk of failure)
Confirm with . or Enter, or press ? or * to list all spells.
Aiming: Stone Arrow (safe; 1% risk of failure)
Press: ? - help, Shift-Dir - straight line, f - large abomination
Aim: a large abomination (90% to hit)
The stone arrow hits the large abomination!
The large abomination is moderately damaged.
Casting: Stone Arrow (safe; 1% risk of failure)
Confirm with . or Enter, or press ? or * to list all spells.
Aiming: Stone Arrow (safe; 1% risk of failure)
Press: ? - help, Shift-Dir - straight line, f/p - large abomination
Aim: a large abomination (moderately damaged, 90% to hit)
The stone arrow hits the large abomination!
The large abomination is heavily damaged.
A large abomination comes into view.
The gargoyle closely misses you. The large abomination hits you!
Casting: Stone Arrow (safe; 1% risk of failure)
Confirm with . or Enter, or press ? or * to list all spells.
Aiming: Stone Arrow (safe; 1% risk of failure)
Press: ? - help, Shift-Dir - straight line, f/p - large abomination
Aim: a large abomination (heavily damaged, 90% to hit)
The stone arrow hits the large abomination!
The large abomination is severely damaged.
The gargoyle closely misses you.
You block the large abomination's attack.
The gargoyle hits you with a +0 mace. The large abomination hits you!!
* * * LOW HITPOINT WARNING * * *
Okay, then.
Unknown command.
As you read the scroll of teleportation, it crumbles to dust.
You feel strangely unstable. You block the gargoyle's attack.
The large abomination hits you but does no damage.
The large abomination attacks as you move away!
The large abomination hits you but does no damage.
The gargoyle hurls a stone arrow at you.
The stone arrow hits you!!
You die...

..........#.....#.# ###)#
.....######.....#.# #...#
#....#..........#.# #...#
#.[..#..........### ##'##...#
.....########.....# ....#...#
.....##.....##....# .....##'###
....##.......##...# .... #....#
##.##.........##..# ... #....#
.#.#...........#@9###'# ##....#
.#.#...........#.XX...# #.....#
.#.#..../......#...X..# #.....#
.#.#.....(.....#####..# #.....#
.###..........##...##.#####.....#
...##........##.....##...#####'##
....##.......# ......'...#.....#
.....##......# ...B..'...#.....#
......##'''### ......'9..#.....#


You could see 3 large abominations and a gargoyle.

Vanquished Creatures
  Nessos (D:12)
  A centaur warrior (D:11)
  Erica (D:9)
  2 boulder beetles (D:12)
  8 two-headed ogres
  A wretched star (Abyss:2)
  A deep elf knight (D:12)
  Lodul (D:12)
  A deep troll (D:11)
  A deep elf pyromancer (D:12)
  A manticore (D:11)
  A cyclops (D:12)
  2 ugly things (D:12)
  A gargoyle (D:11)
  4 komodo dragons
  An unseen horror (D:10)
  A kobold demonologist (D:11)
  A hellwing (Abyss:2)
  3 meliai (D:12)
  A queen bee (D:10)
  4 trolls
  2 slime creatures
  5 small abominations (D:12)
  6 wraiths
  9 yaks (D:10)
  4 shadows
  2 basilisks (D:11)
  2 wyverns
  A vampire (D:9)
  A chaos spawn (Abyss:2)
  A steam dragon (D:7)
  9 vampire mosquitoes
  Menkaure (D:6)
  4 large abominations
  A water moccasin (D:6)
  2 ice beasts
  A sky beast (D:8)
  3 black bears
  A swamp drake (D:11)
  10 ogres
  4 orc warriors
  10 centaurs
  3 phantoms
  2 kobold brigands
  4 bullfrogs
  A necrophage (D:5)
  A gnoll sergeant (D:11)
  A scorpion (D:5)
  13 wights
  37 killer bees
  A troll zombie (D:12)
  10 howler monkeys
  3 hounds
  3 jellies
  8 orc priests
  A gnoll bouda (D:4)
  4 iguanas
  Natasha (thrice) (D:2)
  14 orc wizards
  7 ogre zombies (D:12)
  Robin (D:2)
  8 adders
  3 gnolls (D:4)
  A white imp (D:5)
  3 ufetubi
  60 orcs
  10 ball pythons
  3 bats
  4 endoplasms
  7 giant cockroaches
  18 goblins
  8 hobgoblins
  2 quokkas
  3 frilled lizards (D:1)
  A goblin skeleton (D:12)
  2 goblin zombies (D:12)
  2 hobgoblin skeletons (D:12)
  3 hobgoblin zombies (D:12)
  9 kobolds
  3 orc skeletons (D:12)
  14 orc zombies (D:12)
  6 rats
404 creatures vanquished.

Vanquished Creatures (others)
  A wizard (Abyss:2)
1 creature vanquished.

Grand Total: 405 creatures vanquished

Notes
Turn   | Place    | Note
-------+----------+-------------------------------------------
     0 | D:1      | Essalna the Gargoyle Earth Elementalist began the quest for
                  | the Orb.
     0 | D:1      | Reached XP level 1. HP: 10/10 MP: 3/3
   199 | D:1      | Reached skill level 1 in Fighting
   199 | D:1      | Reached XP level 2. HP: 16/16 MP: 1/5
   247 | D:1      | Reached skill level 4 in Earth Magic
  1091 | D:2      | Reached XP level 3. HP: 21/21 MP: 3/6
  1128 | D:2      | Found a faded altar of an unknown god.
  1252 | D:2      | Noticed Robin
  1322 | D:2      | Reached XP level 4. HP: 27/27 MP: 3/7
  1408 | D:2      | Killed Robin
  1409 | D:2      | Reached skill level 5 in Earth Magic
  1545 | D:2      | Identified the +0 pair of gloves of Autumn {rN+}
  1695 | D:2      | Noticed Natasha
  1698 | D:2      | Killed Natasha
  1698 | D:2      | Noticed Natasha
  1699 | D:2      | Reached XP level 5. HP: 32/32 MP: 5/8
  1703 | D:2      | Killed Natasha
  1766 | D:2      | Noticed Natasha
  1769 | D:2      | Found Hidopn's Weapon Boutique.
  1785 | D:2      | Killed Natasha
  1955 | D:3      | Reached skill level 6 in Earth Magic
  1969 | D:2      | Reached XP level 6. HP: 29/38 MP: 0/9
  2198 | D:3      | Found a burning altar of Makhleb.
  2552 | D:3      | Found a hazy altar of Hepliaklqana.
  2821 | D:4      | Found Xar Uxee's Distillery.
  2828 | D:4      | Noticed a black bear
  2835 | D:4      | Reached skill level 5 in Fighting
  2843 | D:4      | Killed a black bear
  2844 | D:4      | Reached skill level 7 in Earth Magic
  2844 | D:4      | Reached XP level 7. HP: 44/44 MP: 1/10
  3647 | D:5      | Entered Level 5 of the Dungeon
  3748 | D:5      | Reached skill level 8 in Earth Magic
  4041 | D:5      | Found a sacrificial altar of Ru.
  4046 | D:5      | Reached XP level 8. HP: 52/52 MP: 8/11
  4223 | D:5      | Found an ancient bone altar of Kikubaaqudgha.
  4499 | D:5      | Reached skill level 9 in Earth Magic
  4806 | D:5      | Learned a level 2 spell: Passwall
  4810 | D:5      | Learned a level 3 spell: Stone Arrow
  5089 | D:6      | Reached skill level 1 in Conjurations
  5229 | D:6      | Noticed Menkaure
  5232 | D:6      | Killed Menkaure
  5275 | D:6      | Reached XP level 9. HP: 59/59 MP: 9/12
  5378 | D:6      | Reached skill level 10 in Earth Magic
  5421 | D:6      | Found a one-way gate to the infinite horrors of the Abyss.
  5526 | D:6      | Found Umeash Meck's Assorted Antiques.
  5536 | D:6      | Bought a ring of the Octopus King for 160 gold pieces
  5536 | D:6      | Found the ring of the Octopus King {rF+ HP+2 AC+2 EV+2
                  | SH+2}
  5536 | D:6      | Found the ring of the Octopus King {rF+ HP+2 AC+2 EV+2
                  | SH+2}
  5549 | D:6      | Found a large runed translucent door.
  5552 | D:6      | Found a large runed translucent door.
  5893 | D:6      | Found a large runed translucent door.
  5894 | D:6      | Found a large runed translucent door.
  5896 | D:6      | Found a corrupted altar of Lugonu.
  6456 | D:6      | Found a broken altar of Ashenzari.
  6459 | D:6      | Found a hide-covered altar of Uskayaw.
  6627 | D:7      | Reached skill level 11 in Earth Magic
  6699 | D:7      | Found a shimmering altar of Xom.
  6737 | D:7      | Reached skill level 10 in Fighting
  6897 | D:7      | Found a shadowy altar of Dithmenos.
  6951 | D:7      | Found a staircase to the Ecumenical Temple.
  6987 | Temple   | Entered the Ecumenical Temple
  7562 | D:8      | Reached XP level 10. HP: 63/68 MP: 2/13
  7745 | D:8      | Found an ornate altar of the Wu Jian Council.
  7769 | D:8      | Reached skill level 12 in Earth Magic
  7827 | D:8      | Identified the +1 robe "Ephix Guc" {rN+ rCorr Str-5}
  8222 | D:8      | Identified the +10 plate armour "Ynijuserr" {Rampage rPois
                  | Stlth+}
  8754 | D:8      | Found a radiant altar of Vehumet.
  8764 | D:8      | Found a shimmering blue altar of Sif Muna.
  8774 | D:8      | Became a worshipper of Vehumet
  8856 | D:9      | Noticed a two-headed ogre
  8861 | D:9      | Killed a two-headed ogre
  8984 | D:9      | Reached skill level 13 in Earth Magic
  9090 | D:9      | Noticed a two-headed ogre
  9097 | D:9      | Killed a two-headed ogre
  9293 | D:9      | Noticed Erica
  9306 | D:9      | Killed Erica
  9310 | D:9      | Reached XP level 11. HP: 12/76 MP: 11/14
  9797 | D:10     | Entered Level 10 of the Dungeon
  9830 | D:10     | Reached skill level 1 in Armour
  9859 | D:10     | Reached skill level 14 in Earth Magic
  9962 | D:10     | Noticed a two-headed ogre
  9966 | D:10     | Killed a two-headed ogre
  9966 | D:10     | Reached * piety under Vehumet
  9966 | D:10     | Offered knowledge of Freeze by Vehumet.
 10492 | D:10     | Reached ** piety under Vehumet
 10665 | D:10     | Offered knowledge of Scorch by Vehumet.
 10955 | D:11     | Noticed a two-headed ogre
 10960 | D:11     | Killed a two-headed ogre
 11161 | D:11     | Noticed a manticore
 11169 | D:11     | Killed a manticore
 11599 | D:11     | Reached skill level 5 in Armour
 11606 | D:11     | Reached XP level 12. HP: 84/84 MP: 15/15
 11627 | D:11     | Found a staircase to the Lair.
 11773 | D:11     | Reached skill level 15 in Earth Magic
 11879 | D:11     | Noticed a two-headed ogre
 11884 | D:11     | Killed a two-headed ogre
 11991 | D:11     | Identified the +6 morningstar "Qagyobu" {antimagic, +Blink
                  | Will+}
 11991 | D:11     | Noticed a centaur warrior
 12005 | D:11     | Offered knowledge of Frozen Ramparts by Vehumet.
 12006 | D:11     | Reached skill level 5 in Dodging
 12011 | D:11     | You fall into a shaft and drop 2 floors!
 12091 | D:12     | Noticed a two-headed ogre
 12096 | D:12     | Killed a two-headed ogre
 12132 | D:12     | Found a staircase to the Orcish Mines.
 12132 | D:12     | Noticed Lodul
 12603 | D:12     | Reached *** piety under Vehumet
 12625 | D:12     | Noticed a boulder beetle
 12631 | D:12     | Noticed a boulder beetle
 12653 | D:12     | HP: 1/86 [boulder beetle (5)]
 12657 | D:12     | Killed a boulder beetle
 13045 | D:11     | Noticed a two-headed ogre
 13054 | D:11     | Killed a two-headed ogre
 13218 | D:11     | Killed a centaur warrior
 13870 | D:12     | Killed Lodul
 14120 | D:12     | Offered knowledge of Ignite Poison by Vehumet.
 14239 | D:12     | Identified the +1 scale mail of the Okapi {rF- rN+ SInv
                  | Stlth+}
 14625 | D:12     | Reached XP level 13. HP: 50/91 MP: 16/16
 14777 | D:12     | Reached skill level 16 in Earth Magic
 15234 | D:12     | Reached **** piety under Vehumet
 15375 | D:12     | Offered knowledge of Inner Flame by Vehumet.
 15528 | D:12     | Noticed Nessos
 15538 | D:12     | Killed Nessos
 15905 | Abyss:2  | Cast into level 2 of the Abyss (a wizard)
 16037 | Abyss:2  | Noticed a reaper
 16106 | Abyss:2  | Noticed a starcursed mass
 16107 | D:12     | Escaped the Abyss
 16369 | D:12     | Killed from afar by a gargoyle

Illustrated notes

Levels and vault maps discovered:
D:1:      minmay_arrival_floating_metal, layout_basic, minmay_worlds_worst_comb
D:2:      layout_rooms, serial_shops, shop_fountains,
          hellmonk_ecumenical_altar_slurped_away, uniq_robin, uniq_natasha
D:3:      layout_basic, amcnicky_altar_gilded, nicolae_overflow_crystal_walls
D:4:      layout_loops_cross, serial_shops, shop
D:5:      layout_basic, mainiacjoe_overflow_24_doors,
          mainiacjoe_overflow_cross_hatched
D:6:      due_chaos_kobolds, layout_layer_cave, jmf_multi_god_temple2,
          nicolae_stop_n_shop_1, uniq_menkaure
D:7:      layout_loops_cross, mainiacjoe_overflow_tiny_flanked, kennysheep_mini,
          minmay_temple_entry_steel_oval
D:8:      layout_layer_cave, mainiacjoe_overflow_small_starburst,
          amethyst_overflow_temple_binary, minmay_misc_feat_pillars,
          eino_small_chamber_without_monster
D:9:      layout_roguey, kennysheep_generic_room_3, uniq_erica
D:10:     layout_roguey [special_room_bee]
D:11:     layout_layer_cave, erik_lair_dragon, chequers_serial_rivers_room_b,
          nzn_random_ring
D:12:     kennysheep_bubbly, layout_gridville, zombieorc2_lemuel, laboratory,
          uniq_nessos, uniq_lodul
D:13:     layout_loops_ring
Temple:   chequers_temple_sunken

Skill      XL: |  1  2  3  4  5  6  7  8  9 10 11 12 13 |
---------------+----------------------------------------+-----
Fighting       | 1 2 3 4 5 6 8 10 12 13 14 | 14.8
Earth Magic    | 4 5 6 7 8 9 11 13 14 15 16 | 16.5
Conjurations   | 3 |  3.0
Armour         | 5 7 8 |  8.7
Dodging        | 4 6 |  6.9
Stealth        | |  2.1
Spellcasting   | |  2.0
Transmutations | |  0.7

Action                   |  1- 3 |  4- 6 |  7- 9 | 10-12 | 13-15 || total
-------------------------+-------+-------+-------+-------+-------++-------
Melee: Unarmed           |    11 |       |       |       |       ||    11
       Punch             |     1 |     1 |       |       |       ||     2
       Short sword       |     5 |     9 |     6 |       |       ||    20
       Dagger            |       |       |     5 |     1 |       ||     6
       Long sword        |       |       |       |    19 |       ||    19
       Quarterstaff      |       |       |       |    38 |   107 ||   145
 Cast: Sandblast         |    56 |    73 |   188 |   430 |    83 ||   830
       Stone Arrow       |       |       |       |     4 |    13 ||    17
  Use: Potion            |     1 |       |       |     2 |     2 ||     5
       Scroll            |       |     2 |       |     4 |    15 ||    21
 Stab: Distracted        |       |       |       |       |     1 ||     1
Armor: Robe              |    19 |    21 |    64 |   235 |    37 ||   376
       Troll leather arm |       |       |       |       |    33 ||    33
Dodge: Dodged            |    29 |    46 |    99 |   375 |   116 ||   665
Block: Other             |       |       |     3 |    33 |    22 ||    58

Table legend: (Time is in decaauts)
 A = Elapsed time spent in this place.
 B = Non-inter-level travel time spent in this place.
 C = Inter-level travel time spent in this place.
 D = Time resting spent in this place.
 E = Time spent auto-exploring this place.
 F = Levels seen in this place.
 G = Mean time per level.
                   A        B        C        D        E       F      G
               +--------+--------+--------+--------+--------+-----+--------+
         Total |  16934 |  16432 |    502 |   1040 |  12423 |  15 | 1128.9 |
       Dungeon |  16582 |  16089 |    493 |   1040 |  12305 |  13 | 1275.5 |
        Temple |    132 |    124 |      8 |      0 |    117 |   1 |  132.0 |
         Abyss |    219 |    219 |      0 |      0 |      0 |   1 |  219.0 |
               +--------+--------+--------+--------+--------+-----+--------+

Top non-repeatable levels by time:
    D:11: 2574 daAuts
    D:12: 2244 daAuts
     D:6: 1649 daAuts
     D:5: 1345 daAuts
     D:8: 1295 daAuts
    D:10: 1201 daAuts
     D:1: 1121 daAuts
     D:2: 1025 daAuts
     D:9: 973 daAuts
     D:7: 910 daAuts
     D:4: 848 daAuts
     D:3: 775 daAuts
    D:13: 615 daAuts
 Abyss:2: 219 daAuts
  Temple: 132 daAuts
